[Event "*** Titled Tuesday Blitz"]
[Site "Chess.com"]
[Date "2020.12.29"]
[Round "1"]
[White "serhanberat_ozdemir"]
[Black "Jungle_Jaguar"]
[Result "0-1"]
[WhiteElo "2316"]
[BlackElo "2611"]
[TimeControl "180+1"]
[EndTime "10:08:30 PST"]
[Termination "Jungle_Jaguar won on time"]

1. e4 e5 2. Nf3 Nc6 3. d4 exd4 4. Bc4 Nf6 5. e5 Ne4 6. Bb5 Bc5 7. O-O O-O 8. Nbd2 Nxd2 9. Bxd2 a6 10. Bd3 d6 11. Bg5 Qd7 12. Re1 dxe5 13. Nxe5 Nxe5 14. Rxe5 Bd6 15. Re4 h6 16. Rh4 f5 17. Bc4+ Kh7 18.
Qd2 Be7 19. Bxe7 Qxe7 20. Rxd4 Qf6 21. Re1 c5 22. Rd6 Qxb2 23. Re7 Qa1+ 24. Bf1 Rf6 25. Rd8 Rb6 26. Ree8 Rc6 27. Qd5 Qf6 28. Qg8+ Kg6 29.
Re3 f4 30. Bd3+ Bf5 31. Bxf5+ Kxf5 32. Qd5+ Kg6 33. Qd3+ Kf7 34. Rd7+ Kf8 35. Ree7 Qa1+ 36. Qf1 Qf6 37. Rf7+ Qxf7 38. Rxf7+ Kxf7 39. Qc4+ Kf8 40.
Qxf4+ Kg8 41. Qc4+ Kh8 42. h4 Rd8 43. a4 Rd4 44. Qf7 Rxh4 45. Qf8+ Kh7 46. Qf5+ Rg6 47. g3 Rxa4 48. Kg2 Rb4 49. Qxc5 Rb5 50. Qc4 h5 51.
Qe4 Kh6 52. Qf4+ Rgg5 53. Kh3 Rf5 54. Qe3 Rf6 55. Qd4 b6 56. Qe3 a5 57. Qe2 Rgf5 58. f4 a4 59. Kh4 Ra5 60. Qe3 a3 61. f5+ Kh7 62. Qg5 Raxf5 63. Qe3 a2 64. Qa3 Ra5 65. Qd3+ Rg6 0-1

[Event "*** Titled Tuesday Blitz"]
[Site "Chess.com"]
[Date "2020.12.29"]
[Round "1"]
[White "NaciSAN"]
[Black "NeverW84M8"]
[Result "1-0"]
[WhiteElo "2160"]
[BlackElo "2498"]
[TimeControl "180+1"]
[EndTime "10:08:31 PST"]
[Termination "NaciSAN won by resignation"]

1. e4 e5 2. Nf3 Nc6 3. Bb5 Nf6 4.
O-O Nxe4 5. Re1 Nd6 6. Nxe5 Be7 7. Bf1 Nf5 8. c3 Nxe5 9. Rxe5 d6 10. Re1 O-O 11. d4 d5 12. Bd3 g6 13. Qf3 c6 14.
Nd2 Ng7 15. Nf1 Bf5 16. Bh6 Bxd3 17. Qxd3 Re8 18. Re2 Bf6 19. Rae1 Qd7 20. h3 Re6 21. Bxg7 Rxe2 22. Qxe2 Kxg7 23. Nd2 h5 24. Nf3 Qf5 25. b4 Rc8 26. a4 Rc7 27. a5 Re7 28. Qd1 Re4 29.
Re2 a6 30. Qe1 Rxe2 31. Qxe2 Qb1+ 32. Kh2 Qe4 33. Qxe4 dxe4 34. Nd2 Be7 35. Nxe4 f5 36. Nc5 Bxc5 37. dxc5 f4 38. g3 f3 39. g4 h4 40.
Kg1 Kf6 41. Kf1 Ke5 42. Ke1 Kd5 43. Kd2 Kc4 44. Kc2 g5 45. Kd2 Kb3 46. Kd3 Kb2 47.
Ke3 Kxc3 48. Kxf3 Kxb4 49. Ke4 Kxc5 50. Ke5 Kb4 51. f4 gxf4 52. Kxf4 c5 53. Ke3 Kb3 54. g5 c4 55. g6 c3 56. g7 c2 57. g8=Q+ Kb2 58. Qg7+ Kb1 59. Qg6 Kb2 60. Qf6+ Kb1 61. Qf5 Kb2 62. Qe5+ Kb1 63. Qe4 Kb2 64. Qb4+ Ka2 65.
Qc3 Kb1 66. Qb3+ Ka1 67. Qxc2 b5 68. axb6 a5 69. b7 a4 70. b8=Q 1-0

[Event "*** Titled Tuesday Blitz"]
[Site "Chess.com"]
[Date "2020.12.29"]
[Round "1"]
[White "LiderChessAcademy"]
[Black "lamomiablanca"]
[Result "1-0"]
[WhiteElo "2608"]
[BlackElo "2309"]
[TimeControl "180+1"]
[EndTime "10:08:32 PST"]
[Termination "LiderChessAcademy won by resignation"]

1. d4 Nf6 2. c4 b6 3. f3 Nc6 4.
Nc3 e5 5. d5 Nb8 6. e4 Bc5 7.
Bd3 O-O 8. Nge2 Nh5 9. Na4 Bb4+ 10. Kf2 a5 11. a3 Bd6 12. Rf1 Na6 13. Be3 g6 14. Qd2 f5 15. Kg1 f4 16. Bf2 g5 17.
Rfc1 Nc5 18. Bc2 Nxa4 19. Bxa4 Qe7 20. Nc3 Nf6 21. Nb5 Bc5 22. Bxc5 Qxc5+ 23. Qf2 Ne8 24. Qxc5 bxc5 25. Bc2 Ba6 26. Bd3 c6 27. Nc3 Rb8 28. Rab1 Nc7 29. Na4 cxd5 30. exd5 d6 31. b3 Ne8 32.
Nc3 Nf6 33. Rb2 Kf7 34. Rcb1 Ke7 35. h3 Rb7 36. Bf5 Rfb8 37. Bd3 h5 38. Kf2 g4 39.
hxg4 hxg4 40. a4 g3+ 41. Ke2 Ne8 42. Nb5 Bxb5 43. axb5 Kd8 44. Ra1 Ra7 45. Rba2 Rba8 46. Bf5 Kc7 47. Be6 Nf6 48. Rh1 Rf8 49. Rh6 Kb6 50.
Kd3 Kc7 51. Ra1 Kb6 52. Rg6 Kc7 53. Rg7+ Kb6 54. Rxa7 Kxa7 55. Rxa5+ Kb6 56. Ra6+ Kc7 57. Rc6+ Kb7 58. Rxd6 e4+ 59. Ke2 Nh5 60. Bg4 exf3+ 61.
Kxf3 Nf6 62. Re6 Nxg4 63. Kxg4 f3 64. gxf3 g2 65. Re1 Rh8 66. Rg1 1-0

[Event "*** Titled Tuesday Blitz"]
[Site "Chess.com"]
[Date "2020.12.29"]
[Round "1"]
[White "GameOverBro"]
[Black "FairChess_on_YouTube"]
[Result "1/2-1/2"]
[WhiteElo "2482"]
[BlackElo "3004"]
[TimeControl "180+1"]
[EndTime "10:08:36 PST"]
[Termination "Game drawn - insufficient material"]

1. e4 c5 2. Ne2 Nf6 3. Nbc3 d5 4.
exd5 Nxd5 5. Nxd5 Qxd5 6. d4 Nc6 7.
Be3 cxd4 8. Nxd4 Bd7 9. Qf3 Qxf3 10. Nxf3 e5 11. O-O-O f6 12. Bc4 O-O-O 13. Rd2 Be7 14. Rhd1 Bf5 15. Nh4 Rxd2 16. Rxd2 Bd7 17. Nf3 Rd8 18.
c3 Kc7 19. h3 b6 20. Bd3 g6 21. Bb5 Be6 22. Rxd8 Nxd8 23. a3 Nb7 24. b4 Nd6 25. Be2 Nc4 26. Bxc4 Bxc4 27. Kd2 Bf1 28.
Ne1 e4 29. h4 h5 30. g3 g5 31. Nc2 Kd6 32. Nd4 Kd5 33. Nf5 Bd8 34. Ng7 gxh4 35.
gxh4 f5 36. Nxf5 Kc4 37. Ng3 Bd3 38. Bg5 Bxg5+ 39. hxg5 h4 40. Nf5 h3 41. Ne3+ Kb3 42. Ng4 Kxa3 43. f4 a5 44. bxa5 bxa5 45. Ke3 a4 46. f5 Bc4 47. g6 Kb3 48. f6 a3 49.
f7 a2 50. f8=Q a1=Q 51. Qb4+ Kc2 52. Qxc4 Qc1+ 53. Kxe4 Qg5 54. Qe2+ Kb3 55. Kf3 Qxg6 56. Kg3 Qc6 57. Kxh3 Qxc3+ 58. Kh4 Qc4 59. Qd1+ Qc2 60. Qd5+ Qc4 61. Qb7+ Ka4 62. Qd7+ Kb4 63. Kg5 Qb5+ 64. Qxb5+ Kxb5 1/2-1/2

[Event "*** Titled Tuesday Blitz"]
[Site "Chess.com"]
[Date "2020.12.29"]
[Round "1"]
[White "zurzan"]
[Black "KhamzinOlzhas"]
[Result "0-1"]
[WhiteElo "2053"]
[BlackElo "2487"]
[TimeControl "180+1"]
[EndTime "10:08:41 PST"]
[Termination "KhamzinOlzhas won on time"]

1. f4 c5 2. Nf3 Nc6 3. g3 g6 4. Bg2 Bg7 5. O-O Nf6 6. d3 d5 7.
c3 d4 8. e4 dxe3 9. Bxe3 Qd6 10. Na3 Bf5 11. Ne1 Ng4 12. Nc4 Qd7 13. Bxc5 O-O 14. h3 Nf6 15. g4 Be6 16. Ne5 Nxe5 17. fxe5 Nd5 18. Bd4 Qc7 19. Qe2 Rfd8 20. Nc2 Nb6 21. c4 Rd7 22. Bc3 Rad8 23. Rad1 Nxc4 24. dxc4 Bxc4 25. Rxd7 Rxd7 26. Qe3 Bxf1 27. Bxf1 b5 28. a3 Rd1 29. Kf2 a6 30. Nb4 e6 31.
Bg2 Bf8 32. Nd3 Qd8 33. Bd4 Qc7 34. Be4 Qc2+ 35. Kf3 Rf1+ 36. Nf2 Qd1+ 37. Kg3 Rg1+ 38. Bg2 Qf1 39. Qf3 Qc1 40. Be3 Qxb2 41. Ne4 Qxe5+ 42. Bf4 Qb2 43. Kh2 Ra1 44. Bg5 Bg7 45. Nf6+ Kh8 46.
Nxh7 Kxh7 47. Qxf7 Ra2 48. Qf3 Qe5+ 49. Bf4 Qf6 50. h4 e5 51. g5 Qxf4+ 52. Qxf4 exf4 53. Kh3 f3 54. Bxf3 Rxa3 55. Kg4 Rxf3 56. Kxf3 b4 57. Ke2 b3 58. Kd3 b2 59. Kc2 b1=Q+ 60. Kxb1 a5 61.
Ka2 Bc3 62. Kb3 Bb4 63. Ka4 Kg7 64. Kb5 Kf7 65. Ka4 Ke6 66. Kb3 Kf5 67. Kc4 Kg4 0-1

[Event "*** Titled Tuesday Blitz"]
[Site "Chess.com"]
[Date "2020.12.29"]
[Round "1"]
[White "freshfoodcompany"]
[Black "Gabrielian_Artur"]
[Result "0-1"]
[WhiteElo "2413"]
[BlackElo "2787"]
[TimeControl "180+1"]
[EndTime "10:08:42 PST"]
[Termination "Gabrielian_Artur won by resignation"]

1. d4 Nf6 2. c4 c5 3. d5 e6 4. Nc3 exd5 5. cxd5 d6 6. e4 g6 7. Nf3 Bg7 8. Be2 O-O 9. O-O Re8 10. Qc2 Bg4 11. h3 Bxf3 12. Bxf3 Nbd7 13. Bf4 Ne5 14. Bxe5 Rxe5 15. Be2 a6 16. f4 Re8 17. a4 Rb8 18. a5 Nd7 19. Bf3 b5 20. axb6 Qxb6 21. Na4 Qb4 22.
Ra2 a5 23. Nc3 Nb6 24. Re1 Qd4+ 25. Qf2 Nc4 26. Qxd4 cxd4 27. Na4 Rb4 28. Rc1 d3 29. b3 Bd4+ 30. Kh2 Ne3 31. Rd2 Rxb3 32. Rc6 Rb4 33. Rxd3 Rxa4 34. Rxd6 Nf1+ 35. Kh1 Rb4 36. Be2 Ne3 37. e5 Nf5 38. Ra6 Rb1+ 39. Kh2 Bg1+ 40. Kh1 Re1 41. g4 Be3+ 42. Kg2 Rxe2+ 43. Kf1 Rf2+ 44. Ke1 Rxf4 45. gxf5 Rxe5 46. d6 Bc5+ 47. Kd2 Bb4+ 48. Kc2 Bxd6 49. Raxd6 Rfxf5 50. Rd8+ Kg7 51. R3d7 Rc5+ 52. Kb3 h5 53. Ra8 Rf3+ 54. Ka4 Rcf5 55. Raa7 R5f4+ 56. Kxa5 Ra3+ 57. Kb6 Rxa7 58. Rxa7 Rf3 59. h4 Rf4 60. Kc6 Rxh4 61. Kd6 Re4 62. Ra5 Re6+ 63. Kd7 h4 64. Rg5 Kh6 65. Rg4 g5 66.
Rg1 Kg6 67. Rf1 h3 68. Rf3 g4 69. Rf4 Kg5 70. Rxf7 Re2 71. Rg7+ Kf4 72. Rf7+ Kg3 73.
Rg7 h2 74. Rh7 Kg2 75. Rh4 g3 76. Rh5 h1=Q 77. Rxh1 Kxh1 0-1

[Event "*** Titled Tuesday Blitz"]
[Site "Chess.com"]
[Date "2020.12.29"]
[Round "1"]
[White "chess94cu"]
[Black "Cambek64"]
[Result "1-0"]
[WhiteElo "2589"]
[BlackElo "2290"]
[TimeControl "180+1"]
[EndTime "10:08:42 PST"]
[Termination "chess94cu won on time"]

1. d4 d6 2. Nf3 Nf6 3. g3 g6 4.
Bg2 Bg7 5. O-O O-O 6. c4 c5 7.
Nc3 Nc6 8. d5 Na5 9. Nd2 a6 10.
a4 b6 11. Qc2 Rb8 12. e4 e5 13. Rb1 Nd7 14. b4 cxb4 15. Rxb4 Nc5 16. Re1 f5 17. Nf1 f4 18. f3 h5 19. Bd2 g5 20. Reb1 g4 21. gxf4 exf4 22. Ne2 gxf3 23. Bxf3 Bg4 24. Bxg4 hxg4 25. Bxf4 Rxf4 26. Nxf4 Bd4+ 27. Kh1 Qe7 28. Ng3 Re8 29. Qe2 Nxe4 30. Qxg4+ Qg5 31. Qxg5+ Nxg5 32. Kg2 Re3 33. Nfe2 Be5 34. Rxb6 Nxc4 35. Rc6 Nd2 36. Rb7 Nf7 37. Rc8+ Kg7 38. Rcc7 Rf3 39.
Ne4 Rf5 40. Nxd2 Rg5+ 41. Ng3 Bxg3 42. hxg3 Kg6 43. Rxf7 Rxd5 44. Rg7+ Kf5 45. Nf3 Ke4 46. Rbe7+ Kd3 47. Ra7 a5 48. Ra6 Kc2 49. Rd7 Rd3 50.
Rxa5 Ra3 51. Rd5 Kc3 52. R7xd6 Ra2+ 53. Kh3 Rxa4 54. Rd3+ Kc4 55. R3d4+ Kc5 56. Rxa4 Kxd6 57. g4 1-0

[Event "*** Titled Tuesday Blitz"]
[Site "Chess.com"]
[Date "2020.12.29"]
[Round "1"]
[White "GMBenjaminBok"]
[Black "esskeettit"]
[Result "1-0"]
[WhiteElo "2880"]
[BlackElo "2449"]
[TimeControl "180+1"]
[EndTime "10:08:44 PST"]
[Termination "GMBenjaminBok won on time"]

1. d4 Nf6 2. c4 e6 3. Nf3 d5 4. Nc3 Be7 5. Bf4 O-O 6. e3 c5 7.
dxc5 Bxc5 8. Qc2 dxc4 9. Bxc4 Nbd7 10. O-O b6 11. Rfd1 Qe7 12. a3 a5 13. Na4 e5 14.
Bg5 Bb7 15. Qf5 e4 16. Nd4 Qe5 17. Nxc5 bxc5 18. Qxe5 Nxe5 19. Bxf6 gxf6 20. Nb3 Nxc4 21. Nxc5 Ba6 22. b3 Ne5 23. Nxe4 Kg7 24. Rd6 Rfd8 25.
Rxf6 Bd3 26. Rf4 Bxe4 27. Rxe4 f6 28. h3 Rd2 29. Rc1 Rad8 30. Rc7+ R8d7 31. Rxd7+ Rxd7 32. b4 axb4 33. Rxb4 Rd1+ 34. Kh2 Ra1 35. a4 Ra2 36.
Kg3 Nd3 37. Rb7+ Kg6 38. f3 Ne1 39. Kh2 Rxg2+ 40. Kh1 Ra2 41. Kg1 Nxf3+ 42. Kf1 Nd2+ 43. Ke1 Ne4 44. Rb4 Ng3 45. Rg4+ Kf5 46. Rxg3 Rxa4 47. Rf3+ Ke5 48. Kf2 Ra2+ 49. Kg3 h6 50. Kg4 Rg2+ 51. Kh5 Ke4 52. Rxf6 Kxe3 53. h4 Ke4 54. Kxh6 Ke5 55. Rg6 Rh2 56. h5 Kf5 57. Ra6 Rd2 58. Kh7 Rd8 59. h6 Rd7+ 60. Kg8 Rd8+ 61. Kg7 Rd7+ 62.
Kf8 Rd8+ 63. Ke7 Rh8 64. Kf7 Rb8 65. Ra5+ Kg4 66. Re5 Rb7+ 67. Re7 Rb8 68. h7 Kg5 69. Kg7 Rc8 70. h8=Q 1-0

[Event "*** Titled Tuesday Blitz"]
[Site "Chess.com"]
[Date "2020.12.29"]
[Round "1"]
[White "wonderfultime"]
[Black "Chessdreamer2020"]
[Result "1/2-1/2"]
[WhiteElo "3018"]
[BlackElo "2482"]
[TimeControl "180+1"]
[EndTime "10:08:45 PST"]
[Termination "Game drawn by repetition"]

1. d4 d6 2. e4 Nf6 3. Nc3 e5 4.
Nf3 Nbd7 5. Bc4 Be7 6. O-O Nb6 7. Be2 exd4 8. Nxd4 O-O 9. Re1 Re8 10. h3 Bf8 11. Bf1 c6 12. Bg5 h6 13. Bh4 Be7 14.
Bg3 d5 15. e5 Nh7 16. Bd3 Nf8 17. Nf5 Bxf5 18. Bxf5 Bb4 19. Qg4 Nc4 20. Re2 Bxc3 21. bxc3 Qg5 22. Qf3 g6 23. Bd3 Nxe5 24. Bxe5 Rxe5 25.
h4 Qe7 26. h5 Rxe2 27. Bxe2 Re8 28. Bd3 Kg7 29. Rb1 b6 30. c4 Qf6 31. Qg3 Qe5 32.
Qf3 Qxh5 33. Qxh5 gxh5 34. cxd5 cxd5 35. Rb5 Rd8 36. Be2 Ne6 37. Bxh5 Nd4 38. Rb2 Rc8 39. Bd1 Kf6 40. Kf1 Ke5 41. Ke1 Rc3 42. Kd2 Ra3 43. c3 Ne6 44. f3 Nc5 45. Bc2 Na4 46. Bxa4 Rxa4 47. Kd3 Ra3 48. Re2+ Kd6 49. g4 b5 50. Kd4 Ra4+ 51. Kd3 a6 52. Rh2 Kd7 53. Rxh6 Rxa2 54.
Rf6 Ke7 55. Rb6 Ra4 56. g5 Kd7 57. Rf6 Ke7 58. Rb6 Kf8 59. Ke3 Ke7 60. f4 Rc4 61.
Rxa6 Rxc3+ 62. Kd4 Rc4+ 63. Ke5 Re4+ 64. Kf5 b4 65.
Rb6 Rc4 66. Rb7+ Kf8 67. Ke5 Re4+ 68. Kf5 Kg8 69. Rb5 Rd4 70. Rb8+ Kg7 71. Rb7 Kf8 72. Ke5 Re4+ 73. Kf5 Rd4 74. Rb8+ Kg7 75. Rb7 Kf8 1/2-1/2

[Event "*** Titled Tuesday Blitz"]
[Site "Chess.com"]
[Date "2020.12.29"]
[Round "1"]
[White "alexgo05"]
[Black "rasmussvane"]
[Result "1-0"]
[WhiteElo "2481"]
[BlackElo "2878"]
[TimeControl "180+1"]
[EndTime "10:08:45 PST"]
[Termination "alexgo05 won by resignation"]

1. e4 c6 2. Nf3 d5 3. Nc3 dxe4 4.
Nxe4 Nf6 5. Qe2 Nxe4 6. Qxe4 Qa5 7.
Qf4 Qf5 8. Qe3 g6 9. Qc3 Qf6 10.
Qxf6 exf6 11. b3 Be7 12. Bb2 O-O 13. O-O-O Be6 14. Nd4 Bd7 15. Be2 Na6 16. Rhe1 Rfe8 17. Bf3 Rad8 18. Ne2 f5 19. d4 Bd6 20. Kb1 Nc7 21.
Nc1 h5 22. h3 Ne6 23. Nd3 Ng5 24. Be2 Ne4 25. f3 Ng3 26. Ne5 Nxe2 27. Rxe2 f6 28.
Red2 Be6 29. Nc4 Bf4 30. Re2 Kf7 31. c3 Bxc4 32. Rxe8 Rxe8 33. bxc4 h4 34. Bc1 Bd6 35. Kc2 g5 36. Kd3 b5 37. cxb5 cxb5 38. Bd2 a6 39. Re1 Rc8 40. Ra1 Rc4 41. Re1 Ra4 42.
Ra1 Ke6 43. Kc2 Kd5 44. Kb3 a5 45. Re1 Ra3+ 46. Kb2 b4 47. cxb4 axb4 48. Re3 Kxd4 49. Re6 Kd5 50. Rxd6+ Kc5 51. Rd8 Ra6 52. Rc8+ Kd4 53.
Bxb4 Ke3 54. Rc2 f4 55. Bc5+ Kd3 56. Rc3+ Ke2 57. Rc2+ Kf1 58. Kb3 f5 59. a4 Rg6 60. a5 g4 61. fxg4 fxg4 62. hxg4 Rxg4 63. a6 Rg3+ 64. Kb4 Rg8 65. Kb5 f3 66. gxf3 h3 67.
a7 Ra8 68. Kb6 Ke1 69. Kb7 Rg8 70. a8=Q Rxa8 71. Kxa8 h2 72. Rxh2 1-0

[Event "*** Titled Tuesday Blitz"]
[Site "Chess.com"]
[Date "2020.12.29"]
[Round "1"]
[White "MPGM"]
[Black "sakkikuska"]
[Result "1-0"]
[WhiteElo "2686"]
[BlackElo "2359"]
[TimeControl "180+1"]
[EndTime "10:08:45 PST"]
[Termination "MPGM won by checkmate"]

1. d4 Nf6 2. c4 g6 3. Nc3 d5 4.
cxd5 Nxd5 5. e4 Nxc3 6. bxc3 Bg7 7. Bc4 c5 8. Ne2 O-O 9. O-O cxd4 10. cxd4 Nc6 11. Be3 Bd7 12. h4 Rc8 13. Rc1 e5 14. d5 Na5 15. Bd3 Qxh4 16. Bxa7 Bh6 17. Rc5 Rxc5 18.
Bxc5 Rc8 19. Bb4 Nc4 20. Qb3 b5 21. Bc3 Qg4 22. Rb1 Nd2 23. Bxd2 Bxd2 24. Bxb5 Bxb5 25. Qxb5 Qxe4 26. d6 Rd8 27. d7 Bg5 28. Rd1 Qa8 29. Qxe5 h6 30. Nc3 Qb7 31. Qd5 Qxd5 32. Rxd5 Kf8 33.
Ne4 Ke7 34. Nc5 Bf6 35. a4 Bb2 36. Rd3 Be5 37. a5 Bd6 38. Nb7 Rxd7 39. a6 Bb8 40.
Re3+ Kf6 41. Rf3+ Kg7 42. Rc3 Ba7 43. Kh2 Bxf2 44. Rc8 Ba7 45. Ra8 Bd4 46. Na5 Be5+ 47. Kh3 Rd3+ 48. Kg4 Rg3+ 49. Kh4 h5 50. Nc6 Bf4 51. a7 Rg4+ 52. Kh3 Rg3+ 53. Kh2 Rc3+ 54. Kg1 Be3+ 55. Kf1 Rxc6 56. Rg8+ Kxg8 57. a8=Q+ Kg7 58. Qxc6 Bg5 59. Ke2 Bf6 60. Kf3 Bg5 61. g4 Bf6 62. gxh5 gxh5 63. Qe4 Bg5 64. Qf5 f6 65. Ke4 Kh6 66.
Kd5 Kg7 67. Ke6 Bh4 68. Qxh5 Bg5 69. Qf7+ Kh6 70. Kf5 Be3 71. Qg6# 1-0

[Event "*** Titled Tuesday Blitz"]
[Site "Chess.com"]
[Date "2020.12.29"]
[Round "1"]
[White "Vuk2000"]
[Black "Makswolf200817"]
[Result "1-0"]
[WhiteElo "2835"]
[BlackElo "2435"]
[TimeControl "180+1"]
[EndTime "10:08:46 PST"]
[Termination "Vuk2000 won by checkmate"]

1. d4 d5 2. Bf4 Nf6 3. e3 c5 4. c3 Nc6 5. Nd2 Qb6 6. Qb3 c4 7. Qxb6 axb6 8. a3 b5 9. Rc1 Bf5 10. h3 h6 11. g4 Bg6 12. Bg2 e6 13. Ne2 Nd7 14. e4 Nb6 15. Be3 f6 16. f4 dxe4 17.
Bxe4 Bxe4 18. Nxe4 Ne7 19. Nd6+ Kd7 20. Nxb7 Ned5 21. Bf2 Na4 22. Rc2 Kc6 23. Nc5 Nxc5 24. dxc5 Bxc5 25. O-O Rhe8 26. Rd2 Rad8 27. Bxc5 Kxc5 28.
Nd4 Nc7 29. Rfd1 Kb6 30. Kf2 e5 31. Nf5 Rxd2+ 32. Rxd2 Ne6 33. fxe5 fxe5 34. Rd7 g6 35. Nxh6 Nc5 36. Rd6+ Kc7 37. Rxg6 Nd3+ 38. Ke3 Nxb2 39. h4 e4 40. Nf5 Nd1+ 41. Kd2 Rd8+ 42. Kc2 e3 43. Nd4 Nf2 44. Ne6+ Kd7 45. Nxd8 Kxd8 46. g5 Ke7 47. Rg7+ Ke6 48. Rg8 Kf7 49. Rb8 Ne4 50. Kd1 Nxc3+ 51. Ke1 Kg6 52. Rb6+ Kh5 53. g6 Kh6 54. h5 Nb1 55. Rxb5 Nxa3 56. Rc5 Nc2+ 57.
Ke2 Nd4+ 58. Kxe3 Ne6 59. Re5 Ng7 60. Kd4 c3 61. Kxc3 Nxh5 62. Rxh5+ Kxg6 63. Rb5 Kf6 64. Kc4 Ke6 65. Rd5 Ke7 66. Kd4 Kf6 67. Ke4 Kf7 68.
Rd4 Kf6 69. Kf4 Kg6 70. Rd6+ Kf7 71. Kf5 Kg7 72. Rd5 Kf7 73. Rd7+ Ke8 74. Ke6 Kf8 75. Kf6 Ke8 76. Rd6 Kf8 77. Rd8# 1-0

[Event "*** Titled Tuesday Blitz"]
[Site "Chess.com"]
[Date "2020.12.29"]
[Round "1"]
[White "StockholmMissile"]
[Black "MomchilPetkov"]
[Result "1-0"]
[WhiteElo "2417"]
[BlackElo "2736"]
[TimeControl "180+1"]
[EndTime "10:08:46 PST"]
[Termination "StockholmMissile won by checkmate"]

1. e4 g6 2. d4 Bg7 3. Nf3 d6 4. Nbd2 Nf6 5. Bb5+ c6 6. Bd3 O-O 7. O-O Nbd7 8. c3 e5 9. a4 a5 10. h3 Re8 11. Re1 Nf8 12. Nc4 exd4 13. Nxd4 d5 14. exd5 Rxe1+ 15. Qxe1 Nxd5 16. Ne3 Nf4 17. Bf1 N8e6 18.
Nxe6 Bxe6 19. Ng4 Nd3 20. Bxd3 Qxd3 21. Bg5 h5 22. Ne3 Qe4 23. f3 Qe5 24. Bh4 Re8 25.
Bf2 Bb3 26. Qf1 Qf4 27. Ra3 Be6 28. Ra1 Bb3 29. Ra3 Be6 30. Ra1 Rd8 31. Nc2 Bc4 32. Qe1 Qg5 33. Nd4 Bd5 34. Bh4 Qf4 35.
Bxd8 Bxd4+ 36. cxd4 Qxd4+ 37. Kh1 Be6 38. Bh4 Bb3 39.
Qf2 Qb4 40. Re1 Be6 41. Rd1 Kg7 42. Qd4+ Qxd4 43. Rxd4 f6 44. Bf2 Bb3 45. Rd7+ Kh6 46. Rxb7 Bxa4 47. Ra7 Bb5 48. Rxa5 Bd3 49. Ra7 Bb5 50.
Bd4 g5 51. Bxf6 Kg6 52. Bd4 Kf5 53. Be3 g4 54. fxg4+ hxg4 55. h4 g3 56. Bc1 Bd3 57. h5 Kg4 58. h6 c5 59. h7 Bxh7 60. Rxh7 c4 61. Rg7+ Kh4 62. Bg5+ Kg4 63. Be7+ Kf4 64. Bd6+ Ke4 65. Bxg3 c3 66. bxc3 Kd3 67. Kh2 Ke2 68.
Bf4 Kf1 69. g4 Kf2 70. g5 Kf3 71. g6 Ke4 72. Rg8 Kf5 73. g7 Kf6 74. Be5+ Kf7 75. Rf8+ Ke6 76. g8=Q+ Kxe5 77. Re8+ Kd6 78. Qe6+ Kc5 79.
Rc8+ Kb5 80. Qb3+ Ka6 81. Ra8# 1-0

[Event "*** Titled Tuesday Blitz"]
[Site "Chess.com"]
[Date "2020.12.29"]
[Round "1"]
[White "ChampStan"]
[Black "Mikasinski"]
[Result "0-1"]
[WhiteElo "2166"]
[BlackElo "2517"]
[TimeControl "180+1"]
[EndTime "10:08:46 PST"]
[Termination "Mikasinski won on time"]

1. d4 Nf6 2. c4 g6 3. Nf3 Bg7 4. g3 O-O 5. Bg2 d6 6. O-O Nc6 7. Nc3 a6 8. d5 Na5 9. b3 c5 10.
dxc6 Nxc6 11. Bb2 Bf5 12. Qc1 Qa5 13. Rd1 Rfd8 14. Nd5 Rac8 15. Nxf6+ Bxf6 16. Bxf6 exf6 17. Qb2 Kg7 18. Rd5 Qb6 19. Rad1 Ne5 20. Nh4 Be6 21. Qd4 Qc7 22. Rxd6 Rxd6 23. Qxd6 Qa5 24. Bxb7 Rc7 25. Qxa6 Qc3 26. Bg2 Qc2 27. Re1 Qd2 28. Kf1 Ng4 29. Nf3 Qc3 30. h3 Nh6 31. Qd6 Rd7 32. Qf4 Qb2 33.
g4 g5 34. Nxg5 Ng8 35. Nxe6+ fxe6 36. Qe4 e5 37. Qb1 Qa3 38. Bd5 Re7 39. Rd1 Nh6 40. Be4 Qa5 41. Bxh7 e4 42. Bxe4 Qe5 43. Bg2 Qxe2+ 44.
Kg1 Nf7 45. Qd3 Qxa2 46. c5 Ne5 47. Qe3 Qa3 48. c6 Ng6 49. Qc3 Qa7 50. b4 Qc7 51.
Rf1 Nf4 52. b5 Ne2+ 53. Kh1 Nxc3 54. f4 Nxb5 55. g5 fxg5 56. fxg5 Rf7 57. Rb1 Nd4 58. Rb7 Qg3 59. Rxf7+ Kxf7 60. g6+ Qxg6 0-1

[Event "*** Titled Tuesday Blitz"]
[Site "Chess.com"]
[Date "2020.12.29"]
[Round "1"]
[White "Leo_C"]
[Black "Meri-Arabidze"]
[Result "1/2-1/2"]
[WhiteElo "2343"]
[BlackElo "2632"]
[TimeControl "180+1"]
[EndTime "10:08:47 PST"]
[Termination "Game drawn by repetition"]

1. d4 d5 2. c4 e6 3. Nc3 Nf6 4. cxd5 exd5 5. Bg5 Nbd7 6. e3 Be7 7. Bd3 c6 8. Nge2 Nf8 9. O-O Ne6 10. Bh4 O-O 11.
Qc2 g6 12. f3 b5 13. a3 Bb7 14.
Rad1 Rc8 15. Bf2 a6 16. h3 c5 17. dxc5 Bxc5 18. Nd4 Nxd4 19. exd4 Bd6 20. Bh4 Bb8 21. Rfe1 Qd6 22. Re5 Qb6 23. Qf2 Bxe5 24. dxe5 Qxf2+ 25. Kxf2 Nd7 26. f4 Nc5 27. Bc2 Ne4+ 28. Bxe4 dxe4 29. Rd7 Bc6 30. Ra7 Ra8 31. Rc7 Rfc8 32. Re7 a5 33. e6 fxe6 34. Bf6 b4 35. Rg7+ Kf8 36. Ne2 Bd5 37. axb4 axb4 38. Rxh7 Rc2 39. Ke3 Rac8 40. g4 b3 41. f5 Rxe2+ 42. Kxe2 Rc2+ 43. Ke3 exf5 44. gxf5 gxf5 45. h4 Rh2 46. h5 Rh3+ 47.
Kd4 Bf7 48. h6 Bg6 49. Rb7 f4 50. Ke5 e3 51. Ke6 e2 52. Bg7+ Kg8 53. Rb8+ Be8 54. Rxe8+ Kh7 55. Rh8+ Kg6 56. Bc3 f3 57. Rf8 Rh1 58.
Rxf3 e1=Q+ 59. Bxe1 Rxe1+ 60. Kd7 Re2 61. Rxb3 Kxh6 62.
Rb6+ Kg5 63. b4 Kf5 64. b5 Rb2 65. Kc7 Ke5 66. Kb7 Kd5 67. Ka6 Ra2+ 68. Kb7 Rb2 69.
Ka6 Ra2+ 70. Kb7 Rb2 1/2-1/2

[Event "*** Titled Tuesday Blitz"]
[Site "Chess.com"]
[Date "2020.12.29"]
[Round "1"]
[White "klimkoj"]
[Black "OrtizAnahi2001"]
[Result "1/2-1/2"]
[WhiteElo "2579"]
[BlackElo "2296"]
[TimeControl "180+1"]
[EndTime "10:08:50 PST"]
[Termination "Game drawn by repetition"]

1. d4 d5 2. c4 e6 3. Nc3 Be7 4. Nf3 Nf6 5. cxd5 exd5 6. Bg5 c6 7. e3 Bf5 8. Bd3 Bxd3 9. Qxd3 O-O 10. O-O Nbd7 11.
a3 Re8 12. b4 Ne4 13. Bf4 Ndf6 14. Ne5 Nxc3 15. Qxc3 Ne4 16. Qc2 f6 17. Nd3 Bd6 18. Bxd6 Nxd6 19. Rfe1 Rc8 20. Qa4 a6 21. Nb2 f5 22. Qc2 Qf6 23. Qc5 Ne4 24. Qb6 Re7 25.
Nd3 Rce8 26. Ne5 f4 27. f3 Nd6 28. Qc5 fxe3 29. Rxe3 Nf5 30. Ree1 Nxd4 31. Qxd4 Rxe5 32.
Rxe5 Rxe5 33. Rd1 Re1+ 34. Kf2 Rxd1 35. Qxd1 Qb2+ 36. Kg3 Qxa3 37. Qd4 h6 38. Qf4 b5 39. Qg4 Qd3 40. Qe6+ Kh7 41. Qxc6 Qg6+ 42. Qxg6+ Kxg6 43. Kf4 Kf6 44. Ke3 Ke5 45. f4+ Ke6 46. Kd4 g6 47. g4 h5 48. h3 hxg4 49. hxg4 Kd6 50. f5 gxf5 51. gxf5 Kc6 52. f6 Kd6 53. f7 Ke7 54. Kxd5 Kxf7 55. Kc6 a5 56. bxa5 b4 57. a6 b3 58. a7 b2 59. a8=Q b1=Q 60. Qa7+ Kf6 61.
Qf2+ Ke7 62. Qe3+ Kf7 63. Qf4+ Kg7 64. Qe5+ Kh7 65. Qe7+ Kh6 66. Qf8+ Kh7 67. Qf7+ Kh6 68. Qf8+ Kh7 69. Kd5 Qa2+ 70. Kd4 Qb2+ 71. Kd3 Qb3+ 72. Kd2 Qb2+ 73. Ke1 Qc3+ 74. Kf2 Qd4+ 75. Kf3 Qd5+ 76. Ke3 Qe5+ 77. Kf3 Qd5+ 78. Ke3 Qe5+ 79. Kf3 Qd5+ 1/2-1/2

[Event "*** Titled Tuesday Blitz"]
[Site "Chess.com"]
[Date "2020.12.29"]
[Round "1"]
[White "KubaGepard"]
[Black "FlamingPhoenix123"]
[Result "1/2-1/2"]
[WhiteElo "2304"]
[BlackElo "2577"]
[TimeControl "180+1"]
[EndTime "10:08:54 PST"]
[Termination "Game drawn by stalemate"]

1. e4 c5 2. Nf3 d6 3. d4 cxd4 4. Nxd4 Nf6 5. Nc3 Nc6 6. Bg5 e6 7. Qd2 a6 8. O-O-O h6 9. Nxc6 bxc6 10. Bf4 d5 11. Qe3 Bb4 12. a3 Ba5 13. Qc5 Qb6 14. Qxb6 Bxb6 15. f3 O-O 16. Na4 Bd8 17. Bd6 Re8 18.
e5 Nd7 19. c4 Bg5+ 20. Kb1 Bf4 21. Re1 f6 22. cxd5 cxd5 23. Bd3 Bxe5 24. Bb4 Rb8 25. Bg6 Rd8 26. Be7 Nf8 27. Bxd8 Nxg6 28. Ba5 Bd7 29.
Nc3 Nf4 30. g3 Nd3 31. Re2 Bd6 32. Ka2 Ne5 33. f4 Nc4 34. Bb4 Bxb4 35. axb4 Rxb4 36.
f5 e5 37. Nxd5 Ra4+ 38. Kb3 Na5+ 39. Kc2 Bxf5+ 40. Kd2 Rd4+ 41. Ke3 Nc4+ 42. Kf2 Rxd5 43. Rc1 Nd6 44. Rc6 Ne4+ 45. Ke3 Ng5 46. Rxa6 Rd3+ 47. Kf2 Ne4+ 48. Kg2 Rb3 49. Ra3 Rb8 50. Rf3 Be6 51.
Rxe4 Bd5 52. Re2 Rb3 53. Rf2 Bxf3+ 54. Rxf3 Rxb2+ 55. Kh3 Kf7 56. g4 Kg6 57. Rc3 h5 58. gxh5+ Kxh5 59. Kg3 Kg5 60. h4+ Kf5 61. Rf3+ Ke4 62.
Ra3 Rd2 63. Ra4+ Rd4 64. Ra7 Rd3+ 65. Kg4 f5+ 66. Kh5 Rg3 67. Ra4+ Kf3 68. Rf4+ Ke3 69. Re4+ Kf2 70. Re2+ Kg1 71. Re1+ Kh2 72. Rh1+ Kg2 73.
Rh2+ Kf3 74. Rf2+ Ke4 75. Rf4+ Kd5 76. Rd4+ Ke6 77. Rd6+ Kf7 78. Rd7+ Kg8 79. Rd8+ Kh7 80. Rh8+ Kxh8 1/2-1/2